 Dungeon Crawl Stone Soup version 0.23.1-37-gaa34b87 (console) character file.

Game seed: 10954166205347459267

64 fly the Slasher (level 3, -1/27 HPs)
             Began as a Demonspawn Skald on Mar 24, 2019.
             Slain by a goblin
             ... wielding a cursed -1 club
             ... led by Robin
              (6 damage)
             ... on level 2 of the Dungeon.
             The game lasted 00:01:50 (968 turns).

fly the Slasher (Demonspawn Skald)                   Turns: 968, Time: 00:01:51

Health: -1/27      AC:  3    Str: 12    XL:     3   Next: 91%
Magic:  4/6        EV: 11    Int: 14    God:
Gold:   83         SH:  0    Dex: 12    Spells: 5/6 levels left

rFire    . . .     SeeInvis .   a - +0 falchion
rCold    . . .     Gourm    .   (no shield)
rNeg     . . .     Faith    .   y - +0 leather armour
rPois    .         Spirit   .   (no helmet)
rElec    .         Reflect  .   (no cloak)
rCorr    .         Harm     .   (no gloves)
MR       .....                  (no boots)
Stlth    +.........             (no amulet)
HPRegen  0.09/turn              (no ring)
MPRegen  0.10/turn              (no ring)

@: lethally poisoned (-1 -> -8)
A: spiny 1, rot immunity
a: no special abilities


You were on level 2 of the Dungeon.
You were not hungry.

You visited 1 branch of the dungeon, and saw 2 of its levels.

You collected 83 gold pieces.

Inventory:

Hand Weapons
 a - a +0 falchion (weapon)
Armour
 y - a +0 leather armour (worn)
Scrolls
 c - a scroll of identify {unknown}
 e - 2 scrolls of magic mapping {unknown}
 f - a scroll of immolation {unknown}
 h - 2 scrolls of teleportation {unknown}
Potions
 b - a potion of resistance {unknown}
 g - 2 potions of heal wounds {unknown}
 i - a potion of curing {unknown}
Comestibles
 d - 3 rations


   Skills:
 - Level 2.0 Fighting
 + Level 3.9 Long Blades
 - Level 0.8 Armour
 - Level 1.7 Dodging
 - Level 2.0 Spellcasting
 - Level 2.6 Charms


You had 5 spell levels left.
You knew the following spells:

 Your Spells              Type           Power        Failure   Level  Hunger
z - Infusion              Chrm           #...         10%         1    ##.....

Your spell library contained the following spells:

 Spells                   Type           Power        Failure   Level  Hunger
 Song of Slaying          Chrm           #.......     16%         2    ###....
 Shroud of Golubria       Chrm/Tloc      #.........   26%         2    ###....
 Regeneration             Chrm/Necr      #.........   45%         3    ####...
 Spectral Weapon          Hex/Chrm       #.......     45%         3    ####...


Dungeon Overview and Level Annotations

Branches:
Dungeon (2/15)

Altars:

Annotations:
D:2 Robin


Innate Abilities, Weirdness & Mutations

You are partially covered in sharp spines.
You are immune to rotting.


Message History

You kill the goblin!
You are no longer magically infusing your attacks.
The goblin no longer looks unusually strong. x2
Robin roars a battlecry!
The goblins go into a battle-frenzy!
Robin says, "My army is invincible!"
Robin throws the goblin at you!
You closely miss the goblin. The goblin is struck by your spines.
The goblin hits you but does no damage. The goblin closely misses you.
Robin throws the goblin at you!
* * * LOW HITPOINT WARNING * * *
The goblin is struck by your spines. The goblin hits you but does no damage.
You are lethally poisoned!
You hit the goblin.
You kill the goblin!
* * * LOW HITPOINT WARNING * * *
You feel sick.
Robin flexes a bicep menacingly.
The goblin hits you with a cursed -1 club.
You die...

#......##..........
#......##.......#....##
#......##......##.....##
#......##......##......
#......####..###......
#..†...###...#......# .
#.......<...........# ..
#......#...).#......#### ...
#......#.##g@gg........##....
#####.####...###.#..)g5.#........
........#..............(...).....
.[...........#####..†.......#....
........#....# #...)..#####....
........#....# ##.##### ....
........###### #..# ...>
........# ##.## .... ####.####
#..#####. ....


You could see Robin, a crimson imp, a hobgoblin and 2 goblins.

Vanquished Creatures
  Jessica (D:2)
  An adder (D:2)
  5 bats
  A giant cockroach (D:1)
  6 goblins
  4 hobgoblins
  3 jackals (D:1)
  A frilled lizard (D:1)
  A kobold (D:2)
  7 rats
30 creatures vanquished.

Notes
Turn   | Place    | Note
-------+----------+-------------------------------------------
     0 | D:1      | fly the Demonspawn Skald began the quest for the Orb.
     0 | D:1      | Reached XP level 1. HP: 16/16 MP: 3/3
    38 | D:1      | Reached skill level 2 in Long Blades
   138 | D:1      | You fall through a shaft!
   232 | D:1      | Gained mutation: You are partially covered in sharp spines.
                  | [demonic ancestry]
   232 | D:1      | Reached XP level 2. HP: 3/22 MP: 0/5
   794 | D:2      | Reached skill level 3 in Long Blades
   837 | D:2      | Noticed Jessica
   846 | D:2      | Killed Jessica
   846 | D:2      | Gained mutation: You are immune to rotting. [demonic
                  | ancestry]
   846 | D:2      | Reached XP level 3. HP: 20/27 MP: 0/6
   952 | D:2      | Noticed Robin
   968 | D:2      | Slain by a goblin

Skill      XL: |  1  2 |
---------------+-------+-----
Long Blades    | 2 3 |  3.9
Fighting       | |  2.0
Armour         | |  0.8
Dodging        | |  1.7
Spellcasting   | |  2.0
Charms         | |  2.6

Action                   || total
-------------------------++-------
Melee: Falchion          ||    52
 Cast: Infusion          ||     5
Armor: Leather armour    ||    22
Dodge: Dodged            ||    42
       Rpst.: Falchion   ||    14
